 Dungeon Crawl Stone Soup version 0.31-a0-177-g4aa6249778 (webtiles) character file.

Game seed: 5988213156312280031

92 TittyCrusher the Ruffian (level 4, -2/31 HPs)
             Began as an Octopode Fighter on June 18, 2023.
             Killed from afar by Natasha (9 damage)
             ... with a magic dart
             ... on level 3 of the Dungeon.
             The game lasted 00:01:56 (1736 turns).

TittyCrusher the Ruffian (Octopode Fighter)         Turns: 1736, Time: 00:01:57

Health: -2/31      AC:  0    Str: 17    XL:     4   Next: 60%
Magic:  4/4        EV: 14    Int: 10    God:
Gold:   123        SH:  0    Dex: 11    Spells: 3/3 levels left

rFire   . .          .
                       - Unarmed
rCold   . . .        a - melded +0 buckler
rNeg    . . .        (helmet currently unavailable)
rPois   .            (no amulet)
rElec   .            (ring currently unavailable)
rCorr   .            (ring currently unavailable)
SInv    .            (ring currently unavailable)
Will    .....        (ring currently unavailable)
Stlth   +            (ring currently unavailable)
HPRegen 0.25/turn    (ring currently unavailable)
MPRegen 0.09/turn    (ring currently unavailable)
                     (ring currently unavailable)

%: no passive effects
@: pig-form, very quick
A: fast, no casting, almost no armour, (amphibious), (8 rings), small,
(camouflage 1), (gelatinous body 1), (nimble swimmer 1), (tentacles)
a: no special abilities


You were on level 3 of the Dungeon.
You were a filthy swine.
You visited 1 branch of the dungeon, and saw 3 of its levels.

You collected 123 gold pieces.

Inventory:

Hand Weapons
 b - a +0 shortbow
 i - a +0 spear
Missiles
 h - 7 poisoned darts
 k - 10 javelins
 m - 3 stones
Armour
 a - a +0 buckler (melded)
Scrolls
 e - 3 scrolls of identify {unknown}
 f - 2 scrolls of fog {unknown}
 g - a scroll of enchant armour {unknown}
 l - a scroll of immolation {unknown}
 n - a scroll of noise {unknown}
 r - a scroll of silence {unknown}
 s - a scroll of enchant weapon {unknown}
Potions
 c - 2 potions of attraction {unknown}
 d - a potion of lignification {unknown}
 j - a potion of might
 o - 2 potions of degeneration {unknown}
 p - a potion of ambrosia {unknown}
 q - a potion of heal wounds {unknown}


   Skills:
 - Level 3.0 Fighting
 - Level 3.0 Dodging
 - Level 3.0 Shields
 + Level 4.7 Unarmed Combat


You had 3 spell levels left.
You didn't know any spells.
Your spell library contained the following spells:

 Spells                   Type           Power      Damage    Failure   Level
 Necrotise                Necr           0%         1d4       36%         1
 Dazzling Flash           Conj/Hex       0%         N/A       75%         3
 Vampiric Draining        Necr           0%         2d6       75%         3
 Animate Dead             Necr           0%         N/A       98%         4
 Agony                    Necr           0%         N/A       100%        5
 Silence                  Hex/Air        0%         N/A       100%        5
 Haunt                    Necr/Summ      0%         N/A       100%        7
 Infestation              Necr           0%         N/A       100%        8


Dungeon Overview and Level Annotations

Branches:
Dungeon (3/15)

Altars:
Yredelemnul

Annotations:
D:3 Natasha


Innate Abilities, Weirdness & Mutations

You are a filthy swine.
You move quickly.
Your equipment is almost entirely melded.
You are incapable of wielding weapons or throwing items.
You cannot cast spells.
You cannot wear most types of armour.
((You are amphibious.))
((You can wear up to eight rings at the same time.))
((Your skin changes colour to match your surroundings (Stealth+).))
((Your rubbery body absorbs attacks. (AC +1, EV +1)))
((You are camouflaged when in or above water. (Stealth+)))
((You have tentacles for arms and can constrict up to eight enemies at once.))


Message History

You block the quokka's attack.
You closely miss the quokka. Your grab misses the quokka.
The quokka closely misses you.
You tentacle-slap the quokka. Your grab misses the quokka.
The quokka is moderately wounded.
The quokka bites you.
You tentacle-slap the quokka. Your grab misses the quokka.
The quokka is severely wounded.
The quokka barely misses you.
You barely miss the quokka. Your grab misses the quokka.
Your tentacle-slap misses the quokka.
The quokka is severely wounded.
The quokka bites you. The quokka barely misses you.
You barely miss the quokka. You grab the quokka. You squeeze the quokka.
You kill the quokka!
You tentacle-slap Natasha but do no damage.
You grab Natasha. You constrict Natasha. Natasha claws you!
* * * LOW HITPOINT WARNING * * *
You are too injured to fight recklessly!
You barely miss Natasha. You squeeze Natasha.
Natasha is moderately wounded.
You constrict Natasha.
Natasha zaps a wand.
You turn into a filthy swine.
Your +0 buckler melds into your body.
You lose your grip on Natasha.
You barely miss Natasha.
Natasha is heavily wounded.
Natasha claws you.
* * * LOW HITPOINT WARNING * * *
You closely miss Natasha.
Natasha is heavily wounded.
Natasha mumbles some strange words.
You hit Natasha.
Natasha is heavily wounded.
Natasha stares at you and mumbles some strange words.
You resist with some effort.
You hit Natasha.
Natasha is severely wounded.
The cerulean imp closely misses you. Natasha casts a spell at you.
The magic dart hits you!
You die...

##### #5h.# .....
#.#h#
##.......#.#.....#
........#.#######
#.......#h#
#####.......#.####
.................#
.................#
.......r.........#
$.?......h......^#


You could see Natasha and a cerulean imp (summoned).

Vanquished Creatures
  2 adders (D:2)
  3 gnolls
  3 dart slugs
  4 ball pythons
  7 endoplasms
  3 goblins (D:2)
  3 hobgoblins
  2 jackals (D:2)
  2 quokkas
  2 bats
  3 frilled lizards
  5 rats
39 creatures vanquished.

Notes
Turn   | Place    | Note
-------+----------+-------------------------------------------
     0 | D:1      | TittyCrusher the Octopode Fighter began the quest for the
                  | Orb.
     0 | D:1      | Reached XP level 1. HP: 16/16 MP: 1/1
   241 | D:1      | Reached XP level 2. HP: 20/21 MP: 2/2
   495 | D:1      | Reached skill level 3 in Unarmed Combat
   909 | D:2      | Reached XP level 3. HP: 26/26 MP: 3/3
  1328 | D:2      | Found a basalt altar of Yredelemnul.
  1499 | D:3      | Noticed Natasha
  1511 | D:2      | Reached skill level 4 in Unarmed Combat
  1588 | D:2      | Reached XP level 4. HP: 25/31 MP: 4/4
  1736 | D:3      | Killed from afar by Natasha

Illustrated notes

Levels and vault maps discovered:
D:1:      minmay_arrival_floating_metal, layout_basic
D:2:      layout_basic, basic_altar
D:3:      minmay_razor_zed, layout_basic, old_standard_altar,
          mainiacjoe_overflow_concentric_impassable, uniq_natasha, uniq_grinder,
          uniq_robin

Skill      XL: |  1  2  3 |
---------------+----------+-----
Unarmed Combat | 3 4 |  4.7
Fighting       | |  3.0
Dodging        | |  3.0
Shields        | |  3.0

Action                     |  1- 3 |  4- 6 || total
---------------------------+-------+-------++-------
  Melee: Unarmed           |    58 |    27 ||    85
         Constrict         |    15 |     8 ||    23
         Tentacles         |    14 |     4 ||    18
   Stab: Sleeping          |     7 |       ||     7
 Armour: Skin              |     1 |     2 ||     3
  Dodge: Dodged            |    31 |    18 ||    49
  Block: Buckler           |     9 |     6 ||    15

Table legend: (Time is in decaauts)
 A = Elapsed time spent in this place.
 B = Non-inter-level travel time spent in this place.
 C = Inter-level travel time spent in this place.
 D = Time resting spent in this place.
 E = Time spent auto-exploring this place.
 F = Levels seen in this place.
 G = Mean time per level.
                   A        B        C        D        E       F      G
               +--------+--------+--------+--------+--------+-----+--------+
         Total |   1736 |   1671 |     65 |    136 |   1197 |   3 |  578.7 |
       Dungeon |   1736 |   1671 |     65 |    136 |   1197 |   3 |  578.7 |
               +--------+--------+--------+--------+--------+-----+--------+

Top non-repeatable levels by time:
     D:2: 907 daAuts
     D:1: 757 daAuts
     D:3: 70 daAuts
